 Dungeon Crawl Stone Soup version 0.30.0 (webtiles) character file.

Game seed: 6046811904351364193

17590 meatpath the Fighter (level 12, -14/117 HPs)
             Began as a Minotaur Berserker on May 5, 2023.
             Was a High Priest of Trog.
             Shot with an arrow by Nessos (20 damage)
             ... on level 12 of the Dungeon on May 6, 2023.
             The game lasted 00:33:05 (11524 turns).

meatpath the Fighter (Minotaur Berserker)          Turns: 11524, Time: 00:33:06

Health: -14/117    AC: 20    Str: 25    XL:     12   Next: 20%
Magic:  11/11      EV: 11    Int: 10    God:    Trog [*****.]
Gold:   620        SH:  5    Dex: 18    Spells: 11/11 levels left

rFire   + + .        l - +9 whip of Spontaneous Combustion {flame, rPois Int+6}
rCold   . . .        (no shield)
rNeg    . . .        j - +4 fire dragon scales
rPois   +            (helmet restricted)
rElec   .            M - +0 cloak
rCorr   .            y - +0 pair of gloves
SInv    .            (no boots)
Will    .....        E - amulet of reflection Stlth
                     a - ring of protection from cold
HPRegen 0.39/turn    u - +6 ring of dexterity
MPRegen 0.12/turn

%: reflection
@: lethally poisoned (-14 -> -23)
A: horns 2, retaliatory headbutt
a: Renounce Religion, Berserk, Trog's Hand, Brothers in Arms


You were on level 12 of the Dungeon.
You worshipped Trog.
Trog was extremely pleased with you.
You visited 1 branch of the dungeon, and saw 12 of its levels.

You collected 620 gold pieces.

Inventory:

Hand Weapons
 l - the +9 whip of Spontaneous Combustion (weapon) {flame, rPois Int+6}
   (You found it on level 2 of the Dungeon)

   Int:       It affects your intelligence (+6).
   rPois:     It protects you from poison.
 s - a +0 war axe
Missiles
 L - 2 throwing nets (quivered)
Armour
 j - +4 fire dragon scales (worn)
 y - a +0 pair of gloves (worn)
 D - +0 acid dragon scales
 G - a +0 troll leather armour
 M - a +0 cloak (worn)
Jewellery
 a - a ring of protection from cold (left hand)
 t - an amulet of regeneration
 u - a +6 ring of dexterity (right hand)
 E - an amulet of reflection (around neck)
 J - a ring of ice
 R - a ring of magical power
Wands
 g - a wand of digging (12)
 q - a wand of flame (21)
 O - a wand of acid (4)
Scrolls
 b - a scroll of torment
 c - 6 scrolls of teleportation
 e - 2 scrolls of vulnerability
 n - 2 scrolls of magic mapping
 v - a scroll of immolation
 z - 4 scrolls of poison
 A - 2 scrolls of brand weapon
 B - 3 scrolls of amnesia
 F - a scroll of silence {unknown}
 H - a scroll of identify
 K - 2 scrolls of blinking
 P - a scroll of fear
Potions
 d - 3 potions of degeneration {unknown}
 f - 3 potions of lignification {unknown}
 h - 2 potions of resistance {unknown}
 i - a potion of ambrosia {unknown}
 k - 3 potions of flight {unknown}
 m - a potion of attraction {unknown}
 o - 5 potions of haste
 p - 4 potions of heal wounds {unknown}
 r - 6 potions of curing
 w - 2 potions of magic {unknown}
 x - a potion of mutation {unknown}
 C - a potion of cancellation {unknown}
 I - 2 potions of might
 N - 2 potions of brilliance {unknown}
Miscellaneous
 Q - a phial of floods


   Skills:
 + Level 14.2 Fighting
 + Level 14.2 Axes
 + Level 13.9 Armour
 - Level 3.0 Dodging


You had 11 spell levels left.
You didn't know any spells.
Your spell library was empty.

Dungeon Overview and Level Annotations

Branches:
Dungeon (12/15)            Temple (0/1) D:7            Lair (0/5) D:11
    Orc (0/2) D:10

Altars:
Cheibriados
Dithmenos
Fedhas
Gozag
Hepliaklqana
Nemelex Xobeh
Okawaru
Ru
Trog
Uskayaw
Xom
Yredelemnul
Zin

Annotations:
D:12 Nessos


Innate Abilities, Weirdness & Mutations

You have a pair of horns on your head.
You reflexively headbutt those who attack you in melee.


Message History

Nessos stands on their hind legs for a moment.
Nessos shoots an arrow.
The arrow hits you.
You are poisoned.
You feel very sick.
Nessos shoots an arrow.
The arrow hits you! The arrow burns you.
You are more poisoned.
Nessos shoots an arrow.
The arrow closely misses you.
You feel very sick.
Nessos shoots an arrow.
The arrow hits you!
Nessos shoots an arrow.
The arrow hits you!
* * * LOW HITPOINT WARNING * * *
The arrow burns you.
You are more poisoned.
* * * LOW HITPOINT WARNING * * *
Blink to where?
Press: ? - help, Dir - move target
As you read the scroll of blinking, it crumbles to dust.
* * * LOW HITPOINT WARNING * * *
You feel very sick.
Blink to where?
Press: ? - help, Dir - move target
As you read the scroll of blinking, it crumbles to dust.
You feel very sick.
You open the door.
You feel very sick.
You feel very sick.
There is an open door here.
You feel sick.
You feel sick.
Things that are here:
a +0 giant spiked club; a +0 giant club; a two-headed ogre corpse You feel sick.
Nessos shoots an arrow.
The arrow hits you.
* * * LOW HITPOINT WARNING * * *
You are lethally poisoned!
There is a stone staircase leading up, spattered with blood here.
* * * LOW HITPOINT WARNING * * *
You feel very sick.
Nessos shoots an arrow.
The arrow barely misses you.
Nessos shoots an arrow.
The arrow hits you!!
You die...

######## #.... #. ......#
#)... #. .....# ..... #..
#...############## #..
#...#..........#..
#..###...#..........#..
#........'c.........#..
#........#..........#..
#.....@).###..###..##..
#############)###..#######..
#................:..c....ยง..
#........)..................
#......(....................
#...........................
#...........................
#...........................
#...........................


You could see Nessos (fast).

Vanquished Creatures
  2 two-headed ogres
  A boulder beetle (D:10)
  A centaur warrior (D:9)
  A deep troll earth mage (D:11)
  A glowing orange brain (D:9)
  A deep elf pyromancer (D:11)
  An ugly thing (D:11)
  A manticore (D:11)
  A gargoyle (D:11)
  An unseen horror (D:6)
  A yaktaur (D:11)
  4 trolls
  A hornet (D:10)
  A tarantella (shapeshifter) (D:9)
  3 shadows
  4 wraiths
  A yak (shapeshifter) (D:11)
  29 yaks
  5 vampire mosquitoes
  6 acid dragons
  A water moccasin (D:7)
  3 orc warriors
  A sky beast (D:7)
  An ice beast (D:6)
  3 black bears
  An ogre (D:5)
  12 centaurs
  4 kobold brigands
  2 phantoms
  3 scorpions
  4 bullfrogs
  10 killer bees
  3 howler monkeys
  3 hounds
  3 gnoll boudas
  3 orc priests
  3 jellies
  2 sleepcaps (D:7)
  4 iguanas
  8 orc wizards
  A human simulacrum (D:12)
  20 gnolls
  6 adders
  3 white imps
  An ufetubus (D:6)
  2 dart slugs
  30 orcs
  9 endoplasms
  3 giant cockroaches
  6 goblins
  2 hobgoblins (D:1)
  3 jackals (D:2)
  23 kobolds
  4 quokkas
  6 ball pythons
  6 bats
  5 frilled lizards
  5 rats
275 creatures vanquished.

Vanquished Creatures (others)
  A fungus (D:1)
  3 plants (D:1)
4 creatures vanquished.

Grand Total: 279 creatures vanquished

Notes
Turn   | Place    | Note
-------+----------+-------------------------------------------
     0 | D:1      | meatpath the Minotaur Berserker began the quest for the
                  | Orb.
     0 | D:1      | Reached XP level 1. HP: 19/19 MP: 0/0
     3 | D:1      | Noticed an electric eel
   301 | D:1      | Found a faded altar of an unknown god.
   363 | D:1      | Reached XP level 2. HP: 27/27 MP: 1/1
  1378 | D:2      | Reached XP level 3. HP: 33/33 MP: 2/2
  1382 | D:2      | Reached ** piety under Trog
  1554 | D:2      | Reached XP level 4. HP: 37/41 MP: 3/3
  1838 | D:2      | Found a snail-covered altar of Cheibriados.
  1980 | D:2      | Identified the +9 whip of Spontaneous Combustion {flame,
                  | rPois Int+6}
  2353 | D:3      | Reached XP level 5. HP: 43/47 MP: 4/4
  2866 | D:4      | Noticed a phantom
  2916 | D:4      | Reached skill level 5 in Fighting
  2918 | D:4      | Noticed a black bear
  2931 | D:3      | Reached skill level 5 in Axes
  2936 | D:4      | Killed a black bear
  2937 | D:4      | Reached XP level 6. HP: 56/56 MP: 5/5
  3123 | D:4      | Reached *** piety under Trog
  3190 | D:4      | Reached skill level 5 in Armour
  3546 | D:5      | Entered Level 5 of the Dungeon
  3568 | D:5      | Reached XP level 7. HP: 63/63 MP: 6/6
  3583 | D:5      | Found an opulent altar of Gozag.
  3837 | D:5      | Found a sparkling altar of Nemelex Xobeh.
  4008 | D:5      | Reached XP level 8. HP: 73/73 MP: 7/7
  4063 | D:5      | Found an iron altar of Okawaru.
  4348 | D:6      | Found a sacrificial altar of Ru.
  4753 | D:6      | Killed an unseen horror
  4754 | D:6      | Reached XP level 9. HP: 44/83 MP: 8/8
  5144 | D:7      | Found a basalt altar of Yredelemnul.
  5184 | D:7      | Reached **** piety under Trog
  5340 | D:7      | Found a shadowy altar of Dithmenos.
  5594 | D:7      | Found a blossoming altar of Fedhas.
  5770 | D:7      | Found a staircase to the Ecumenical Temple.
  6147 | D:8      | Reached skill level 10 in Fighting
  6147 | D:8      | Reached skill level 10 in Axes
  6642 | D:9      | Reached skill level 10 in Armour
  6686 | D:9      | Noticed a troll
  6686 | D:9      | Noticed a boulder beetle
  6686 | D:9      | Noticed a glowing orange brain
  6710 | D:9      | Reached XP level 10. HP: 54/94 MP: 9/9
  6775 | D:9      | Found a hazy altar of Hepliaklqana.
  6805 | D:9      | Noticed a centaur warrior
  6812 | D:10     | Entered Level 10 of the Dungeon
  6863 | D:10     | Killed a boulder beetle
  7040 | D:9      | Killed a centaur warrior
  7117 | D:9      | Noticed a boulder beetle
  7341 | D:9      | Found a shimmering altar of Xom.
  7433 | D:9      | Killed a glowing orange brain
  8202 | D:10     | Reached XP level 11. HP: 92/104 MP: 10/10
  8300 | D:10     | Noticed a deep elf pyromancer
  8369 | D:11     | Killed a deep elf pyromancer
  8369 | D:11     | Reached ***** piety under Trog
  8854 | D:10     | Found a glowing silver altar of Zin.
  9095 | D:10     | Found a staircase to the Orcish Mines.
  9220 | D:10     | Found a bloodstained altar of Trog.
  9220 | D:10     | Found a hide-covered altar of Uskayaw.
 10088 | D:11     | Noticed a two-headed ogre
 10106 | D:11     | Killed a two-headed ogre
 10368 | D:11     | Noticed a deep troll earth mage
 10544 | D:11     | Killed a deep troll earth mage
 10545 | D:11     | Reached XP level 12. HP: 32/116 MP: 11/11
 10839 | D:11     | Identified the +3 ring mail "Faeziat" {Fly rC+ Will+}
 11368 | D:11     | Found a staircase to the Lair.
 11383 | D:12     | Noticed a two-headed ogre
 11398 | D:12     | Killed a two-headed ogre
 11500 | D:12     | Noticed Nessos
 11524 | D:12     | Shot with an arrow by Nessos

Illustrated notes

Levels and vault maps discovered:
D:1:      arrival_aquarium_a, layout_basic,
          shapermc_ecumenical_altar_mp_ritualfount
D:2:      layout_loops_ring, basic_altar, nicolae_figureground_sparkle
D:3:      layout_basic, minmay_increasing_density
D:4:      layout_cave_pools
D:5:      layout_rooms, mainiacjoe_overflow_alcove_4,
          mainiacjoe_overflow_brackets, okawaru_ov_weapons_minmay
D:6:      minmay_cornered_nines, layout_rooms, kennysheep_mini_moat
D:7:      nicolae_cairo_tiling_large_dashed, layout_loops_corners,
          mainiacjoe_overflow_surrounded_room, mainiacjoe_overflow_boulevard,
          fedhas_bush_and_centaur_altar, minmay_temple_entry_enclosed_plants,
          kennysheep_generic_room_10
D:8:      layout_gridville
D:9:      nzn_winding_woodlands_small [nzn_winding_woodlands_5x15_jagged,
          nzn_winding_woodlands_center_lodge,
          nzn_winding_woodlands_5x15_concentric], layout_irregular_city,
          dk_xom_monty_hall, mainiacjoe_overflow_cross_hatched,
          corexii_hall_statues_l
D:10:     layout_basic, marbit_many_paths, gammafunk_temple_overflow_wave,
          grunt_potential
D:11:     wad_statue_garden, layout_loops_ring, lair_entry_dummy
D:12:     layout_stronghold, bh_circular_ruins, uniq_josephine, uniq_lodul,
          uniq_nessos

Skill      XL: |  1  2  3  4  5  6  7  8  9 10 11 12 |
---------------+-------------------------------------+-----
Fighting       | 4 5 6 7 9 10 12 13 14 | 14.2
Axes           | 4 5 6 7 9 10 12 13 14 | 14.2
Dodging        | 3 |  3.0
Armour         | 3 4 5 6 8 10 11 13 | 13.9

Action                     |  1- 3 |  4- 6 |  7- 9 | 10-12 || total
---------------------------+-------+-------+-------+-------++-------
  Melee: Hand axe          |    54 |    22 |       |       ||    76
         Headbutt          |    10 |    10 |    37 |   105 ||   162
         Whip              |       |    77 |   235 |   425 ||   737
         Punch             |       |       |     2 |    10 ||    12
 Invoke: Berserk           |     1 |     1 |       |     3 ||     5
         Trog's Hand       |       |       |       |     2 ||     2
    Use: Scroll            |       |     6 |     7 |    10 ||    23
         Potion            |       |       |     1 |       ||     1
 Armour: Animal skin       |    14 |       |       |       ||    14
         Chain mail        |     4 |    42 |    23 |       ||    69
         Fire dragon scale |       |       |    95 |   165 ||   260
  Dodge: Dodged            |    36 |    33 |   107 |   183 ||   359
  Block: Other             |       |       |       |     2 ||     2
         Reflection        |       |       |       |     2 ||     2
